Map: Arctic Dream LE

Players

Rhizom

  • Race: Terran Terran
  • Spawn Location: 11:00

Ichigo

  • Race: Protoss Protoss
  • Spawn Location: 12:00

qqq - Winner!

  • Race: Protoss Protoss
  • Spawn Location: 5:00

Massa - Winner!

  • Race: Terran Terran
  • Spawn Location: 6:00

VOD

Have the link to the VOD?

Description

Time

  • Played on: Oct. 2, 2020, 5:06 p.m.
  • Length: 13:48
Show
View Real Time Build Order
Export as new Build Order

Rhizom Terran 

Build Orders:  

Get SALT Encoding   

  12  0:01  SCV  
  13  0:13  SCV  
  14  0:23  Supply Depot  
  14  0:25  SCV  
  15  0:40  Refinery  
  15  0:45  SCV  
  15  0:47  Barracks  
  16  0:57  SCV  
  17  1:06  Refinery  
  17  1:09  SCV  
  18  1:17  Barracks  
  18  1:22  SCV  
  19  1:41  Barracks Reactor  
  19  1:46  Orbital Command  
  19  2:10  Supply Depot  
  19  2:17  Barracks Tech Lab  
  19  2:27  Factory  
  19  2:28  Marine x2  
  21  2:36  Marauder  
  22  2:38  Concussive Shells  
  20  2:54  Marine x2  
  22  3:02  Marauder  
  25  3:05  SCV  
  25  3:11  Supply Depot  
  25  3:12  Marine x2  
  27  3:16  Factory Tech Lab  
  27  3:17  SCV  
  28  3:29  SCV, Marine  
  28  3:34  Marauder, Marine  
  33  3:42  SCV  
  33  3:47  Marine  
  31  3:58  Marine  
  31  4:00  Siege Tank  
  31  4:02  Marauder  
  37  4:05  Marine  
  37  4:08  SCV  
  39  4:15  Supply Depot  
  39  4:19  Combat Shield  
  39  4:28  Marauder, Marine x2  
  43  4:49  Marauder  
  45  5:11  Marauder  
  35  5:45  Marauder, Marine x2  
  35  5:48  Command Center  
  35  5:49  SCV, Engineering Bay  
  40  5:50  Engineering Bay  
  40  6:02  SCV  
  40  6:03  Starport, Marine  
  42  6:06  Marauder  
  44  6:14  SCV  
  45  6:20  Terran Infantry Weapons Level 1  
  45  6:22  Terran Infantry Armor Level 1  
  45  6:26  SCV  
  45  6:32  Marine x2  
  46  6:33  Marine  
  46  6:38  SCV  
  50  6:42  Starport Reactor  
  48  7:07  Refinery  
  48  7:08  Orbital Command  
  48  7:12  Refinery  
  48  7:25  Stimpack  
  48  7:27  Marauder, Marine x2  
  49  7:42  SCV  
  50  7:45  Marine x2  
  50  7:49  Marauder  
  54  7:54  SCV, Siege Tank  
  55  8:06  SCV  
  52  8:18  SCV  
  53  8:30  SCV  
  54  8:39  Missile Turret  
  52  8:49  Marine x2  
  50  9:10  Missile Turret x2  
  44  9:25  Marine  
  44  9:26  Marine  
  44  9:30  Armory  
  46  9:32  Medivac  
  48  9:43  Marine x2  
  50  9:53  Marauder  
  52  10:01  Marine x2, Medivac  
  52  10:04  SCV  
  57  10:11  Refinery  
  57  10:12  SCV  
  58  10:14  Marauder  
  58  10:16  SCV  
  58  10:18  Marine  
  58  10:19  Marine  
  63  10:24  SCV  
  63  10:28  SCV, Medivac  
  66  10:31  Medivac  
  69  10:36  SCV  
  70  10:46  Command Center  
  70  11:54  SCV  
  70  11:58  Marauder  
  70  12:06  SCV  
  66  12:19  Marauder  
  66  12:22  Medivac x2  
  68  12:23  SCV  
  68  12:26  Orbital Command  
  69  12:30  Refinery  
  69  12:36  SCV, Marine x2  
  71  12:40  Marine  
  68  12:48  SCV  
  69  12:52  Medivac  
  69  12:53  Marine  
  69  12:54  Marine  
  69  12:58  Marine  
  74  13:00  SCV  
  75  13:11  Marine  
  75  13:12  SCV, Marine  
  76  13:15  Marine  
  73  13:24  SCV  
  74  13:29  Marine  
  43  13:43  Missile Turret  
Show
View Real Time Build Order
Export as new Build Order

Ichigo Protoss 

Build Orders: Double Forge 

Get SALT Encoding   

  12  0:00  Probe  
  13  0:12  Probe  
  14  0:18  Pylon  
  14  0:24  Probe  
  15  0:41  Probe (Chrono Boost)  
  16  0:42  Gateway  
  16  0:44  Assimilator  
  16  0:52  Probe (Chrono Boost)  
  16  0:56  Probe (Chrono Boost)  
  18  1:07  Forge  
  18  1:18  Probe  
  19  1:30  Pylon  
  19  1:33  Zealot (Chrono Boost)  
  21  1:43  Photon Cannon  
  21  1:51  Cybernetics Core  
  18  1:54  Photon Cannon  
  18  2:07  Photon Cannon  
  18  2:21  Photon Cannon  
  16  2:29  Shield Battery  
  16  2:33  Photon Cannon  
  16  2:50  Probe  
  17  3:01  Pylon  
  17  3:07  Shield Battery  
  17  3:22  Gateway  
  17  3:25  Forge  
  15  3:44  Shield Battery  
  14  4:00  Probe (Chrono Boost)  
  15  4:04  Assimilator  
  15  4:09  Probe (Chrono Boost)  
  16  4:11  Photon Cannon  
  16  4:14  Probe (Chrono Boost)  
  17  4:21  Photon Cannon  
  17  4:33  Pylon  
  17  4:41  Probe  
  18  4:51  Photon Cannon  
  18  4:53  Probe  
  18  4:57  Cybernetics Core  
  19  5:05  Probe  
  20  5:18  Probe  
  21  5:30  Probe  
  22  5:42  Probe (Chrono Boost)  
  23  5:53  Probe (Chrono Boost), Nexus  
  24  6:04  Pylon  
  24  6:09  Forge  
  24  6:18  Probe  
  25  6:23  Assimilator  
  25  6:24  Stargate  
  25  6:25  Warp Gate  
  25  6:37  Gateway  
  25  6:39  Probe  
  26  6:51  Probe  
  27  6:54  Cybernetics Core  
  27  7:01  Photon Cannon  
  27  7:02  Void Ray (Chrono Boost)  
  31  7:10  Probe x2  
  33  7:29  Robotics Facility  
  33  7:35  Probe  
  33  7:36  Probe, Void Ray (Chrono Boost)  
  39  7:47  Probe  
  40  8:00  Stargate  
  40  8:03  Shield Battery  
  40  8:05  Shield Battery  
  40  8:11  Void Ray (Chrono Boost)  
  44  8:25  Gateway  
  44  8:26  Probe x2  
  46  8:30  Protoss Air Weapons Level 1 (Chrono Boost)  
  46  8:32  Assimilator  
  46  8:34  Pylon  
  46  8:38  Probe, Pylon  
  46  8:46  Void Ray (Chrono Boost)  
  50  8:48  Void Ray (Chrono Boost)  
  54  8:58  Observer  
  55  9:06  Probe x2  
  57  9:16  Shield Battery  
  57  9:18  Probe, Photon Cannon, Void Ray  
  62  9:34  Fleet Beacon  
  62  9:36  Probe x2  
  64  9:42  Void Ray  
  64  9:48  Probe x2  
  70  9:57  Void Ray  
  70  10:06  Warp Prism (Chrono Boost)  
  74  10:10  Flux Vanes  
  74  10:13  Protoss Shields Level 1  
  76  10:18  Pylon  
  76  10:30  Void Ray  
  80  10:52  Nexus  
  80  10:55  Void Ray  
  80  11:01  Pylon  
  80  11:03  Pylon  
  84  11:35  Void Ray  
  88  11:50  Void Ray  
  88  11:55  Assimilator  
  88  11:56  Shield Battery  
  88  11:58  Photon Cannon  
  92  12:01  Assimilator  
  92  12:16  Probe  
  92  12:17  Probe  
  94  12:25  Probe  
  94  12:29  Probe x2  
  97  12:38  Probe  
  97  12:41  Probe  
  66  13:02  Void Ray x2  
  57  13:15  Cybernetics Core  
  57  13:23  Twilight Council  
  57  13:27  Stargate  
  57  13:32  Pylon  
  57  13:36  Pylon  
  57  13:38  Pylon  
Show
View Real Time Build Order
Export as new Build Order

qqq Protoss - Winner!

Build Orders: Cannon Rush 

Get SALT Encoding   

  12  0:01  Probe  
  13  0:13  Probe  
  14  0:19  Pylon  
  14  0:25  Probe  
  15  0:38  Forge  
  15  0:41  Probe  
  16  0:58  Pylon  
  16  0:59  Pylon  
  16  1:08  Pylon  
  16  1:17  Photon Cannon  
  16  1:24  Photon Cannon  
  16  1:35  Photon Cannon  
  16  1:47  Photon Cannon  
  16  1:50  Photon Cannon  
  16  2:14  Pylon  
  16  2:34  Pylon  
  16  2:39  Photon Cannon  
  16  2:40  Photon Cannon  
  16  2:45  Photon Cannon  
  16  2:49  Photon Cannon  
  16  3:14  Photon Cannon  
  16  3:32  Photon Cannon  
  16  3:33  Pylon  
  16  3:38  Gateway  
  15  3:52  Probe  
  15  4:07  Pylon  
  15  4:10  Pylon  
  15  4:26  Photon Cannon  
  15  4:35  Nexus  
  15  4:45  Cybernetics Core  
  15  4:50  Probe  
  16  5:00  Assimilator  
  16  5:02  Probe  
  17  5:07  Assimilator  
  17  5:14  Probe  
  18  5:26  Probe (Chrono Boost)  
  19  5:39  Probe (Chrono Boost)  
  20  5:46  Probe (Chrono Boost)  
  22  5:50  Probe (Chrono Boost)  
  22  5:53  Probe  
  23  6:01  Probe  
  24  6:05  Probe, Stargate  
  25  6:13  Stalker  
  25  6:14  Probe (Chrono Boost)  
  25  6:17  Probe (Chrono Boost)  
  30  6:26  Probe (Chrono Boost)  
  30  6:28  Probe (Chrono Boost)  
  30  6:32  Probe (Chrono Boost)  
  32  6:34  Probe (Chrono Boost)  
  32  6:38  Assimilator  
  32  6:39  Probe  
  33  6:42  Assimilator  
  33  6:43  Probe  
  35  6:49  Phoenix  
  35  6:51  Probe  
  38  6:55  Probe  
  39  7:04  Probe  
  39  7:07  Probe  
  41  7:09  Stargate  
  41  7:16  Probe  
  41  7:20  Probe  
  41  7:22  Phoenix (Chrono Boost)  
  43  7:28  Probe  
  46  7:32  Probe  
  47  7:40  Probe  
  47  7:44  Probe  
  49  7:52  Phoenix x2  
  53  8:02  Protoss Air Weapons Level 1 (Chrono Boost)  
  53  8:05  Pylon  
  53  8:06  Probe  
  53  8:08  Pylon  
  53  8:12  Pylon  
  54  8:15  Pylon  
  54  8:22  Phoenix (Chrono Boost)  
  54  8:23  Probe, Phoenix (Chrono Boost)  
  59  8:33  Nexus  
  59  8:35  Probe, Pylon  
  59  8:37  Pylon  
  59  8:39  Phoenix (Chrono Boost)  
  59  8:40  Pylon  
  62  8:55  Phoenix  
  64  9:03  Phoenix  
  64  9:20  Phoenix  
  66  9:28  Phoenix  
  68  9:31  Photon Cannon  
  68  9:34  Photon Cannon  
  68  9:37  Photon Cannon  
  68  9:40  Photon Cannon  
  68  9:50  Phoenix  
  70  9:57  Protoss Air Armor Level 1  
  70  9:59  Fleet Beacon  
  70  10:00  Pylon  
  70  10:02  Pylon  
  70  10:07  Pylon  
  70  10:08  Probe (Chrono Boost)  
  70  10:09  Pylon  
  71  10:19  Probe (Chrono Boost)  
  72  10:24  Probe (Chrono Boost)  
  73  10:33  Nexus  
  73  10:34  Probe  
  73  10:35  Phoenix x2  
  78  10:43  Stargate  
  78  10:44  Pylon  
  78  10:46  Probe  
  78  10:47  Pylon  
  79  10:58  Probe  
  79  11:10  Probe, Anion Pulse-Crystals  
  80  11:13  Carrier  
  86  11:23  Probe  
  87  11:35  Probe, Nexus  
  87  11:37  Pylon  
  87  11:38  Tempest  
  87  11:39  Pylon  
  93  11:42  Pylon  
  93  11:45  Stalker  
  95  11:47  Probe  
  83  12:14  Carrier (Chrono Boost)  
  81  12:18  Carrier (Chrono Boost)  
  87  12:35  Nexus  
  80  13:00  Stalker  
  80  13:05  Fleet Beacon  
  74  13:08  Pylon  
  74  13:10  Probe  
  74  13:11  Pylon  
  74  13:12  Pylon  
  75  13:14  Photon Cannon  
  75  13:15  Pylon  
  75  13:18  Pylon  
  75  13:22  Probe  
  70  13:34  Probe  
Show
View Real Time Build Order
Export as new Build Order

Massa Terran - Winner!

Build Orders: Reaper Expand 

Get SALT Encoding   

  12  0:00  SCV  
  13  0:12  SCV  
  14  0:17  Supply Depot  
  14  0:24  SCV  
  15  0:39  SCV  
  15  0:40  Barracks  
  16  0:47  Refinery  
  16  0:51  SCV  
  17  1:03  SCV  
  18  1:15  SCV  
  19  1:29  Orbital Command  
  19  1:30  Reaper  
  20  1:39  Command Center  
  20  1:55  SCV  
  21  2:02  Marine  
  23  2:08  SCV  
  23  2:15  Factory  
  23  2:21  Supply Depot  
  23  2:27  Barracks Tech Lab  
  23  2:43  SCV  
  24  2:55  SCV  
  25  3:07  SCV  
  25  3:11  Barracks  
  26  3:14  Orbital Command  
  26  3:19  SCV  
  27  3:31  SCV, Siege Tank  
  31  3:34  Marine  
  31  3:38  Barracks  
  32  3:42  Command Center  
  32  3:43  SCV  
  32  3:45  Barracks  
  32  3:52  Marine  
  33  3:57  Refinery  
  33  3:59  SCV x2  
  35  4:03  Refinery, Siege Tank  
  35  4:09  Marine  
  38  4:11  SCV  
  38  4:12  Marine  
  41  4:27  Marine  
  41  4:29  Marine x2  
  44  4:45  Marine  
  44  4:47  Marine  
  44  4:49  Starport  
  44  4:51  Engineering Bay  
  46  4:54  Marine  
  46  4:56  Supply Depot x2  
  46  4:57  SCV  
  48  5:03  Marine  
  48  5:04  Marine  
  50  5:11  Orbital Command  
  50  5:14  SCV x2  
  50  5:19  Supply Depot  
  52  5:23  Supply Depot  
  52  5:26  Medivac  
  54  5:29  Barracks Tech Lab  
  54  5:30  Barracks Reactor  
  54  5:31  Marine x2  
  56  5:37  Terran Infantry Weapons Level 1  
  56  5:42  Missile Turret  
  56  5:45  Missile Turret  
  56  5:49  Marine x2  
  58  6:08  Marauder, Marine x3  
  58  6:09  Marine  
  64  6:12  Liberator  
  64  6:15  SCV x3  
  70  6:27  SCV x3, Armory  
  70  6:29  Marauder  
  75  6:33  Supply Depot  
  75  6:38  Engineering Bay  
  75  6:39  SCV  
  76  6:51  Marauder  
  76  6:54  Marine x3  
  78  6:56  Barracks Tech Lab  
  80  7:12  Marauder, Marine  
  80  7:34  Marauder  
  82  7:41  Marauder, Marine x3  
  82  7:55  Marauder  
  82  7:56  Medivac  
  86  7:59  Marine x3, Siege Tank  
  86  8:03  Marauder  
  94  8:06  Orbital Command, SCV  
  94  8:07  SCV  
  93  8:16  Marauder, Marine  
  93  8:17  Marine x2  
  93  8:19  SCV x2  
  99  8:24  Marauder  
  101  8:43  SCV, Marauder, Supply Depot  
  101  8:45  Siege Tank  
  101  9:04  Marine, Supply Depot  
  101  9:05  SCV, Marauder x2, Medivac, Supply Depot  
  101  9:06  Supply Depot  
  101  9:08  Supply Depot  
  101  9:09  SCV, Marine, Supply Depot  
  109  9:16  Command Center  
  109  9:17  SCV, Marine  
  109  9:25  SCV, Siege Tank  
  109  9:26  SCV  
  109  9:27  Marine  
  109  9:29  SCV  
  109  9:30  Supply Depot x2  
  116  9:31  Supply Depot  
  116  9:32  Supply Depot  
  116  9:33  Supply Depot  
  116  9:38  SCV  
  109  9:47  Barracks Tech Lab  
  109  9:48  Terran Infantry Weapons Level 2  
  109  9:51  Terran Infantry Armor Level 1  
  108  9:52  Terran Vehicle Weapons Level 1  
  108  9:54  Starport Reactor, Supply Depot x2  
  108  9:55  Supply Depot  
  108  9:57  Supply Depot  
  108  10:00  Supply Depot  
  108  10:03  Stimpack, Combat Shield  
  108  10:20  Supply Depot  
  108  10:29  Missile Turret  
  108  10:33  Missile Turret  
  108  10:34  Missile Turret  
  108  10:41  Missile Turret  
  108  10:43  Concussive Shells  
  108  10:45  Sensor Tower  
  108  10:48  Armory  
  108  10:51  Orbital Command  
  108  11:04  Missile Turret  
  96  11:25  Marine, Supply Depot  
  89  11:26  Marine x3  
  89  11:28  Marine  
  94  11:37  Barracks  
  94  11:39  Barracks  
  94  11:43  SCV, Marine  
  94  11:44  SCV x3, Marine x3  
  94  11:46  Barracks, Marine  
  103  11:47  Barracks  
  103  11:48  Supply Depot  
  103  11:52  Widow Mine  
  105  11:56  SCV x3  
  105  11:58  Medivac x2  
  105  12:01  Marine x4  
  112  12:04  Marine  
  117  12:12  Supply Depot  
  117  12:13  Widow Mine  
  119  12:18  Missile Turret  
  119  12:20  Sensor Tower  
  119  12:22  Marine  
  120  12:25  Sensor Tower  
  120  12:28  Medivac x2  
  120  12:29  Missile Turret  
  124  12:34  Supply Depot  
  124  12:40  Marine  
  124  12:58  Medivac x2  
  121  13:19  Marauder x3, Marine  
  120  13:24  Barracks Reactor x2, Barracks Tech Lab x2  
Tags
 
Add a new tag
Caveats
  • Supply blocks, unpowered buildings, or Contaminate may cause inaccurate times.
  • Supply counts are checked every 10 seconds.